 Dungeon Crawl Stone Soup version 0.24.1 (console) character file.

Game seed: 16517400894113224462, levelgen mode: deterministic

247 Kagalorn the Cudgeler (level 6, -16/53 HPs)
             Began as a Gnoll Chaos Knight on Apr 2, 2020.
             Was a Plaything of Xom.
             Demolished by a soul eater (17 damage)
             ... summoned by Xom
             ... on level 3 of the Dungeon.
             The game lasted 00:10:28 (2288 turns).

Kagalorn the Cudgeler (Gnoll Chaos Knight)          Turns: 2288, Time: 00:10:29

Health: -16/53     AC: 10    Str: 14    XL:     6   Next: 11%
Magic:  8/8        EV: 12    Int: 23    God:    Xom [......]
Gold:   89         SH:  4    Dex: 15    Spells: 8/8 levels left

rFire    . . .     SeeInvis .   o - +0 whip (holy)
rCold    + . .     Gourm    .   x - +0 buckler
rNeg     . . .     Faith    .   w - +0 scale mail {rC+}
rPois    .         Spirit   .   t - +0 helmet
rElec    .         Reflect  .   (no cloak)
rCorr    .         Harm     .   (no gloves)
MR       .....                  z - +1 pair of boots
Stlth    ..........             (no amulet)
HPRegen  0.17/turn              A - +2 ring of evasion
MPRegen  0.11/turn              (no ring)

@: brilliant, lightly drained
A: distributed training, fangs 1, clever 1, strong nose
a: Renounce Religion


You were on level 3 of the Dungeon.
You worshipped Xom.
You were a very special plaything of Xom.
You were hungry.

You visited 1 branch of the dungeon, and saw 3 of its levels.

You collected 89 gold pieces.

Inventory:

Hand Weapons
 a - a +2 spear of piercing
 d - a +0 mace of chaos
 g - a cursed +0 hunting sling
 o - a +0 whip of holy wrath (weapon)
 p - a +1 dagger of speed
 q - a +0 dagger of flaming
 r - a +0 whip
Missiles
 f - 45 bolts
 i - 15 poisoned darts (quivered)
 j - 53 stones
Armour
 t - a +0 helmet (worn)
 w - a +0 scale mail of cold resistance (worn)
 x - a +0 buckler (worn)
 z - a +1 pair of boots (worn)
Jewellery
 n - an uncursed ring of ice
 u - an uncursed ring of fire
 A - a +2 ring of evasion (left hand)
Wands
 v - a wand of polymorph (11)
Scrolls
 e - a scroll of magic mapping
 k - a scroll of identify
Potions
 s - a potion of brilliance
Comestibles
 c - 4 rations


   Skills:
 + Level 6.8(6.2) Fighting
 + Level 1.8(1.2) Short Blades
 + Level 1.8(1.2) Long Blades
 + Level 1.8(1.2) Axes
 + Level 6.8(6.2) Maces & Flails
 + Level 1.8(1.2) Polearms
 + Level 1.8(1.2) Staves
 + Level 1.8(1.2) Slings
 + Level 1.8(1.2) Bows
 + Level 1.8(1.2) Crossbows
 + Level 1.8(1.2) Throwing
 + Level 4.9(4.3) Armour
 + Level 3.1(2.6) Dodging
 + Level 1.8(1.2) Stealth
 + Level 1.8(1.2) Shields
 + Level 1.8(1.2) Unarmed Combat
 + Level 1.8(1.2) Spellcasting
 + Level 1.4(0.9) Conjurations
 + Level 1.4(0.9) Hexes
 + Level 1.4(0.9) Charms
 + Level 1.4(0.9) Summonings
 + Level 1.4(0.9) Necromancy
 + Level 1.4(0.9) Translocations
 + Level 1.4(0.9) Transmutations
 + Level 1.4(0.9) Fire Magic
 + Level 1.4(0.9) Ice Magic
 + Level 1.4(0.9) Air Magic
 + Level 1.4(0.9) Earth Magic
 + Level 1.4(0.9) Poison Magic
 + Level 2.0(1.5) Invocations
 + Level 1.8(1.2) Evocations


You had 8 spell levels left.
You didn't know any spells.
Your spell library contained the following spells:

 Spells                   Type           Power        Failure   Level  Hunger
 Confusing Touch          Hex            ###...       6%          1    ##.....
 Confuse                  Hex            ###.....     17%         3    ####...
 Gell's Gravitas          Tloc           ###.......   17%         3    ####...
 Petrify                  Tmut/Erth      ###.....     43%         4    #####..
 Metabolic Englaciation   Hex/Ice        ###.......   75%         5    ######.
 Yara's Violent Unravell  Hex/Tmut       ###.......   75%         5    ######.


Dungeon Overview and Level Annotations

Branches:
Dungeon (3/15)

Altars:


Innate Abilities, Weirdness & Mutations

Your experience applies equally to all skills.
You have very sharp teeth.
Your uncanny sense of smell can sniff out nearby items.
Your mind is acute. (Int +2)


Message History

* * * LOW HITPOINT WARNING * * *
You hit the soul eater but do no damage.
You closely miss the soul eater. The soul eater hits you.
* * * LOW HITPOINT WARNING * * *
You feel drained.
* * * LOW HITPOINT WARNING * * *
You closely miss the soul eater.
You bite the soul eater, but do no damage.
The soul eater draws from the surrounding life force!
* * * LOW HITPOINT WARNING * * *
You closely miss the soul eater. The soul eater hits you.
* * * LOW HITPOINT WARNING * * *
You feel drained.
You hit the soul eater.
The soul eater convulses.
The soul eater is lightly wounded.
You hit the soul eater but do no damage.
The soul eater is lightly wounded.
The soul eater hits you!
You die...
Xom howls with laughter!

.####.#.... .# #..#
.## #.#..# ..# #.#..#
..###.#..#####
......#......#
...##.#.####.#
.).##.#.# #.# ###
.#..#.#.# #.# #@#
........####'###3####
###...#.##.....54...#
# ##..#.##..........+
# #..#.##..........#
# ##.#.##..........+
#####...##..........#
[.......#############
.......>#


You could see a soul eater, a chaos spawn and an iron imp.

Vanquished Creatures
  A howler monkey (D:3)
  Robin (D:2)
  9 adders
  2 oozes
  2 worms (D:2)
  4 dart slugs
  5 leopard geckos
  An orc (D:3)
  9 bats
  A giant cockroach (D:3)
  13 goblins
  11 hobgoblins
  10 jackals
  A quokka (D:2)
  5 frilled lizards
  5 kobolds
  8 rats
88 creatures vanquished.

Notes
Turn   | Place    | Note
-------+----------+-------------------------------------------
     0 | D:1      | Kagalorn the Gnoll Chaos Knight began the quest for the
                  | Orb.
     0 | D:1      | Reached XP level 1. HP: 23/23 MP: 1/1
    90 | D:1      | XOM: harmless Pois miscast
    96 | D:1      | Reached XP level 2. HP: 27/29 MP: 2/2
   125 | D:1      | XOM: harmless Ice miscast
   270 | D:1      | Reached XP level 3. HP: 26/35 MP: 3/3
   512 | D:2      | XOM: medium Hex miscast
   685 | D:2      | Reached skill level 1 in Invocations
   713 | D:2      | XOM: noise
   718 | D:2      | Reached skill level 1 in Short Blades
   718 | D:2      | Reached skill level 1 in Long Blades
   718 | D:2      | Reached skill level 1 in Axes
   718 | D:2      | Reached skill level 1 in Polearms
   718 | D:2      | Reached skill level 1 in Staves
   718 | D:2      | Reached skill level 1 in Slings
   718 | D:2      | Reached skill level 1 in Bows
   718 | D:2      | Reached skill level 1 in Crossbows
   718 | D:2      | Reached skill level 1 in Throwing
   718 | D:2      | Reached skill level 1 in Stealth
   718 | D:2      | Reached skill level 1 in Shields
   718 | D:2      | Reached skill level 1 in Unarmed Combat
   718 | D:2      | Reached skill level 1 in Spellcasting
   718 | D:2      | Reached skill level 1 in Evocations
   727 | D:2      | Noticed Robin
   746 | D:2      | Reached XP level 4. HP: 33/41 MP: 5/5
   753 | D:2      | XOM: enchant monster (good)
  1051 | D:1      | XOM: mild Erth miscast
  1191 | D:2      | Killed Robin
  1260 | D:2      | Reached skill level 1 in Conjurations
  1260 | D:2      | Reached skill level 1 in Hexes
  1260 | D:2      | Reached skill level 1 in Charms
  1260 | D:2      | Reached skill level 1 in Summonings
  1260 | D:2      | Reached skill level 1 in Necromancy
  1260 | D:2      | Reached skill level 1 in Translocations
  1260 | D:2      | Reached skill level 1 in Transmutations
  1260 | D:2      | Reached skill level 1 in Fire Magic
  1260 | D:2      | Reached skill level 1 in Ice Magic
  1260 | D:2      | Reached skill level 1 in Air Magic
  1260 | D:2      | Reached skill level 1 in Earth Magic
  1260 | D:2      | Reached skill level 1 in Poison Magic
  1308 | D:2      | XOM is BORED!
  1308 | D:2      | XOM: noise
  1346 | D:2      | Reached XP level 5. HP: 21/47 MP: 6/6
  1482 | D:2      | XOM: cloud trail
  1684 | D:2      | Found a faded altar of an unknown god.
  1795 | D:2      | XOM: god gift: silver wand {god gift}
  1818 | D:2      | XOM: divination: magic mapping
  1840 | D:3      | XOM: smoke on damage
  1901 | D:3      | XOM: potion effect (might)
  1931 | D:3      | Reached XP level 6. HP: 26/53 MP: 8/8
  2054 | D:3      | XOM: give mutation
  2054 | D:3      | Gained mutation: Your mind is acute. (Int +2) [Xom's
                  | mischief]
  2265 | D:3      | XOM: summons 3 hostile demons
  2266 | D:3      | Noticed a soul eater
  2266 | D:3      | Noticed a chaos spawn
  2286 | D:3      | HP: 1/53 [soul eater[Xom] (3)]
  2288 | D:3      | Demolished by a soul eater

Levels and vault maps discovered:
D:1:      wander_arrival_lonely_grave, layout_rooms
D:2:      layout_loops_ring, chequers_ecumenical_altar_simple, uniq_robin
D:3:      layout_basic, chequers_temple_overflow_statue_of_worship, first_ration

Skill      XL: |  1  2  3  4  5  6 |
---------------+-------------------+-----
Invocations    | 1 2 |  2.0
Short Blades   | 1 |  1.8
Long Blades    | 1 |  1.8
Axes           | 1 |  1.8
Polearms       | 1 |  1.8
Staves         | 1 |  1.8
Slings         | 1 |  1.8
Bows           | 1 |  1.8
Crossbows      | 1 |  1.8
Throwing       | 1 |  1.8
Stealth        | 1 |  1.8
Shields        | 1 |  1.8
Unarmed Combat | 1 |  1.8
Spellcasting   | 1 |  1.8
Evocations     | 1 |  1.8
Conjurations   | 1 |  1.4
Hexes          | 1 |  1.4
Charms         | 1 |  1.4
Summonings     | 1 |  1.4
Necromancy     | 1 |  1.4
Translocations | 1 |  1.4
Transmutations | 1 |  1.4
Fire Magic     | 1 |  1.4
Ice Magic      | 1 |  1.4
Air Magic      | 1 |  1.4
Earth Magic    | 1 |  1.4
Poison Magic   | 1 |  1.4
Dodging        | 3 |  3.1
Fighting       | |  6.8
Maces & Flails | |  6.8
Armour         | |  4.9

Action                   |  1- 3 |  4- 6 || total
-------------------------+-------+-------++-------
Melee: Whip              |   106 |    69 ||   175
       Mace              |     2 |       ||     2
       Bite              |     9 |    21 ||    30
       Spear             |       |   134 ||   134
Throw: Dart              |     7 |    19 ||    26
  Use: Scroll            |       |     4 ||     4
       Potion            |       |     2 ||     2
 Stab: Sleeping          |       |     3 ||     3
  Eat: Chunk             |       |     4 ||     4
Armor: Leather armour    |    19 |    53 ||    72
       Scale mail        |       |     1 ||     1
Dodge: Dodged            |    60 |   136 ||   196
Block: Buckler           |       |     2 ||     2
